 Dungeon Crawl Stone Soup version 0.30.0-15-g856e2d3f33 (webtiles) character file.

Game seed: 12525419813884037581

0 ColinBallin the Grave Robber (level 1, 3/13 HPs)
             Began as a Demonspawn Necromancer on May 19, 2023.
             Quit the game on level 1 of the Dungeon.
             The game lasted 00:01:08 (53 turns).

ColinBallin the Grave Robber (Demonspawn Necromancer) Turns: 53, Time: 00:01:09

Health: 3/13       AC:  2    Str:  8    XL:     1   Next: 8%
Magic:  3/3        EV: 12    Int: 16    God:
Gold:   0          SH:  0    Dex: 13    Spells: 3/4 levels left

rFire   . . .        (no weapon)
rCold   . . .        (no shield)
rNeg    . . .        a - +0 robe
rPois   .            (no helmet)
rElec   .            (no cloak)
rCorr   .            (no gloves)
SInv    .            (no boots)
Will    .....        (no amulet)
Stlth   ++           (no ring)
HPRegen 0.22/turn    (no ring)
MPRegen 0.08/turn

%: no passive effects
@: no status effects
A: no striking features
a: no special abilities


You were on level 1 of the Dungeon.
You visited 1 branch of the dungeon, and saw 1 of its levels.

Inventory:

Armour
 a - a +0 robe (worn)
Scrolls
 c - a scroll of enchant weapon {unknown}
Potions
 b - a potion of magic


   Skills:
 - Level 1.7 Dodging
 - Level 1.7 Stealth
 + Level 0.1 Unarmed Combat
 + Level 2.0 Spellcasting
 + Level 4.3 Necromancy


You had 3 spell levels left.
You knew the following spells:

 Your Spells              Type           Power      Damage    Failure   Level
a - Necrotise             Necr           60%        1d7       3%          1

Your spell library contained the following spells:

 Spells                   Type           Power      Damage    Failure   Level
 Vampiric Draining        Necr           15%        2d7       11%         3
 Animate Dead             Necr           15%        N/A       34%         4
 Agony                    Necr           15%        N/A       67%         5


Dungeon Overview and Level Annotations

Branches:
Dungeon (1/15)

Altars:


Message History

A hobgoblin comes into view.
The kobold throws a stone.
The stone hits you but does no damage.
The giant cockroach attacks as you move away!
The giant cockroach barely misses you. The giant cockroach misses you.
You closely miss the giant cockroach. The giant cockroach barely misses you.
You hit the giant cockroach but do no damage.
The giant cockroach closely misses you.
You barely miss the giant cockroach. The giant cockroach bites you.
The hobgoblin shouts!
The hobgoblin attacks as you move away! The hobgoblin closely misses you.
The giant cockroach bites you. The giant cockroach barely misses you.
The hobgoblin attacks as you move away! The hobgoblin hits you.
You barely miss the rat. The giant cockroach closely misses you.
The hobgoblin closely misses you. The rat closely misses you.
You closely miss the rat. The giant cockroach bites you.
The hobgoblin hits you. The rat misses you.
You closely miss the rat. The giant cockroach closely misses you.
The giant cockroach bites you but does no damage.
The rat closely misses you.
You hit the rat.
The rat is moderately wounded.
The giant cockroach bites you.
The hobgoblin hits you but does no damage.
The rat bites you.
* * * LOW HITPOINT WARNING * * *
You hit the rat.
You kill the rat!
The giant cockroach misses you. The hobgoblin closely misses you.
The hobgoblin barely misses you. The hobgoblin hits you.
* * * LOW HITPOINT WARNING * * *
The hobgoblin attacks as you move away! The hobgoblin barely misses you.
Found a stone staircase leading down.
The giant cockroach barely misses you.
The giant cockroach attacks as you move away!
The giant cockroach closely misses you.
The giant cockroach attacks as you move away!
The giant cockroach barely misses you.
Unknown command.
Are you sure you want to abandon this character and quit the game? (Confirm with "yes".)

.... #.........# ......
.....+.........##......
.....##................
#.>...................
#...#..................
#......................
#......g.l.............
#.....@BKg.......#.....
.........#.####...#.....
##......................
#.###..#........#......
# #..###.####...#....
###....!........#.#..
......##..........# .
......###..#..##..#..
.....................


You could see a giant cockroach, 2 hobgoblins, a kobold and a frilled lizard.

Vanquished Creatures
  A rat (D:1)
1 creature vanquished.

Notes
Turn   | Place    | Note
-------+----------+-------------------------------------------
     0 | D:1      | ColinBallin the Demonspawn Necromancer began the quest for
                  | the Orb.
     0 | D:1      | Reached XP level 1. HP: 13/13 MP: 3/3
    53 | D:1      | Quit the game

Illustrated notes

Levels and vault maps discovered:
D:1:      zelgadis_glass_arrival_small, layout_basic,
          dreamdust_ecumenical_altar_angels_and_demons

Action                     || total
---------------------------++-------
  Melee: Unarmed           ||     8
 Armour: Robe              ||     3
  Dodge: Dodged            ||    21
